 Seeded DCSS version 0.29-a0-378-gc08b2e8bf8 (webtiles) character file.

Game seed: 11209228527372561431 (custom seed)

476 zeratav the Archer (level 7, -1/40 HPs)
             Began as a Tengu Hunter on May 4, 2022.
             Slain by Edmund
             ... wielding a +0 dire flail of holy wrath
              (6 damage)
             ... on level 4 of the Dungeon.
             The game lasted 00:05:15 (2901 turns).

zeratav the Archer (Tengu Hunter)                   Turns: 2901, Time: 00:05:16

Health: -1/40      AC:  6    Str: 11    XL:     7   Next: 10%
Magic:  8/8        EV: 15    Int: 10    God:
Gold:   129        SH:  0    Dex: 22    Spells: 6/6 levels left

rFire   + . .      SeeInvis .   a - +1 shortbow {bow}
rCold   . . .      Faith    .   (shield currently unavailable)
rNeg    + . .      Spirit   .   r - +1 robe {rF+}
rPois   .          Reflect  .   (helmet restricted)
rElec   .          Harm     .   l - +2 cloak of Stoicism {Contam rN+ Will+ Dex+3}
rCorr   .          Rampage  .   (no gloves)
Will    +....                   (boots unavailable)
Stlth   ++........              (no amulet)
HPRegen 0.13/turn               (no ring)
MPRegen 0.11/turn               (no ring)

@: flying quickly and evasively, quick
A: beak, talons 3, nimble flight
a: no special abilities


You were on level 4 of the Dungeon.
You visited 1 branch of the dungeon, and saw 4 of its levels.

You collected 129 gold pieces.


Innate Abilities, Weirdness & Mutations

You have a beak for a mouth.
You have claws for feet.
Your magical nature lets you fly swiftly and evasively.


   Skills:
 - Level 2.0 Fighting
 + Level 9.1 Bows
 - Level 2.1 Dodging
 - Level 1.0 Stealth


You had 6 spell levels left.
You didn't know any spells.
Your spell library contained the following spells:

 Spells                   Type           Power      Damage    Failure   Level
 Slow                     Hex            0%         N/A       36%         1
 Blink                    Tloc           0%         N/A       50%         2
 Confusing Touch          Hex            0%         N/A       75%         3
 Gell's Gravitas          Tloc           0%         N/A       75%         3
 Inner Flame              Hex/Fire       0%         N/A       75%         3
 Lesser Beckoning         Tloc           0%         N/A       75%         3
 Summon Guardian Golem    Hex/Summ       0%         N/A       75%         3
 Teleport Other           Tloc           0%         N/A       75%         3
 Vampiric Draining        Necr           0%         2d6       75%         3
 Cause Fear               Hex            0%         N/A       98%         4
 Manifold Assault         Tloc           0%         N/A       100%        5
 Orb of Destruction       Conj           0%         9d5       100%        7
 Spellforged Servitor     Conj/Summ      0%         N/A       100%        7
 Discord                  Hex            0%         N/A       100%        8

Inventory:

Hand Weapons
 a - a +1 shortbow (weapon) {bow}
 g - a +2 vampiric short sword {short}
   (You took it off a kobold on level 1 of the Dungeon)
Armour
 b - a +0 scale mail
   (You found it on level 3 of the Dungeon)
 f - a +0 chain mail
   (You found it on level 3 of the Dungeon)
 l - the +2 cloak of Stoicism (worn) {Contam rN+ Will+ Dex+3}
   (You found it on level 2 of the Dungeon)

   Dex:       It affects your dexterity (+3).
   rN:        It protects you from negative energy.
   Contam:    It causes magical contamination when unequipped.
   Will:      It increases your willpower.
 q - a +2 scale mail of cold resistance
   (You took it off an orc on level 3 of the Dungeon)
 r - a +1 robe of fire resistance (worn)
   (You took it off Jessica on level 3 of the Dungeon)
 s - a +0 robe
   (You found it on level 4 of the Dungeon)
 t - a +0 scale mail
   (You found it on level 4 of the Dungeon)
Scrolls
 c - 3 scrolls of immolation {!r!r}
 e - a scroll of fog {unknown}
 h - a scroll of identify {unknown}
 i - 5 scrolls of teleportation {unknown}
 j - a scroll of summoning {unknown}
 k - a scroll of poison {unknown}
 n - a scroll of blinking {unknown}
 o - a scroll of brand weapon {unknown}
 u - a scroll of acquirement {unknown}
Potions
 d - a potion of curing {unknown}
 m - a potion of might {unknown}
 p - a potion of brilliance {unknown}

Dungeon Overview and Level Annotations

Branches:
Dungeon (4/15)
 Temple: D:4-7

Altars:
Qazlal

Annotations:
D:4 Edmund

. #.#. .... #...#.#....
#..##.#...# #..##.#...#
# #..##.#...# .#
#..##.#...########..###
#..##......#....@@....#
.............#####..#.#
#..........### .#
##.#.#.....# ..
#....#.....#######. .#
.....###........... ..
.....# ####........ #
.....# #.####### #...##
#.#


You could see Edmund.


Message History

You shoot an arrow. The arrow closely misses the adder.
The arrow hits the necrophage but does no damage.
The adder misses you.
Shoot: a) +1 shortbow {bow}
Press: ? - help, Q - select action Shift-Dir - straight line, f/p - adder
Aim: an adder (almost dead, 55% to hit)
You shoot an arrow. The arrow hits the adder.
You kill the adder!
Shoot: a) +1 shortbow {bow}
Press: ? - help, Q - select action Shift-Dir - straight line, f - necrophage
Aim: a necrophage (heavily damaged, 69% to hit)
You shoot an arrow. The arrow hits the necrophage.
The necrophage barely misses you.
Shoot: a) +1 shortbow {bow}
Press: ? - help, Q - select action Shift-Dir - straight line, f/p - necrophage
Aim: a necrophage (heavily damaged, 69% to hit)
You shoot an arrow. The arrow hits the necrophage!
The necrophage misses you.
Shoot: a) +1 shortbow {bow}
Press: ? - help, Q - select action Shift-Dir - straight line, f/p - necrophage
Aim: a necrophage (almost destroyed, 69% to hit)
You shoot an arrow. The arrow hits the necrophage!
You destroy the necrophage!
Your Bows skill increases to level 9!
You have reached level 7!
HP[+5] MP[+1]
You now have 40 max hp (+5).
Your hp is fully restored (40).
Your mp is fully restored (8).
Shoot: a) +1 shortbow {bow}
Press: ? - help, Q - select action Shift-Dir - straight line, f - Edmund
Aim: Edmund, wielding a +0 dire flail of holy wrath, wearing a +0 chain mail and carrying a wand of flame (16) (75% to hit)
You shoot an arrow. The arrow hits Edmund.
Edmund closely misses you.
Shoot: a) +1 shortbow {bow}
Press: ? - help, Q - select action Shift-Dir - straight line, f/p - Edmund
Aim: Edmund, wielding a +0 dire flail of holy wrath, wearing a +0 chain mail and carrying a wand of flame (16) (lightly wounded, 75% to hit)
You shoot an arrow. The arrow hits Edmund.
Edmund hits you but does no damage.
Shoot: a) +1 shortbow {bow}
Press: ? - help, Q - select action Shift-Dir - straight line, f/p - Edmund
Aim: Edmund, wielding a +0 dire flail of holy wrath, wearing a +0 chain mail and carrying a wand of flame (16) (lightly wounded, 75% to hit)
You shoot an arrow. The arrow hits Edmund.
Edmund barely misses you.
Shoot: a) +1 shortbow {bow}
Press: ? - help, Q - select action Shift-Dir - straight line, f/p - Edmund
Aim: Edmund, wielding a +0 dire flail of holy wrath, wearing a +0 chain mail and carrying a wand of flame (16) (moderately wounded, 75% to hit)
You shoot an arrow. The arrow hits Edmund!
Edmund closely misses you.
Shoot: a) +1 shortbow {bow}
Press: ? - help, Q - select action Shift-Dir - straight line, f/p - Edmund
Aim: Edmund, wielding a +0 dire flail of holy wrath, wearing a +0 chain mail and carrying a wand of flame (16) (heavily wounded, 75% to hit)
You shoot an arrow. The arrow closely misses Edmund.
Edmund barely misses you.
Shoot: a) +1 shortbow {bow}
Press: ? - help, Q - select action Shift-Dir - straight line, f/p - Edmund
Aim: Edmund, wielding a +0 dire flail of holy wrath, wearing a +0 chain mail and carrying a wand of flame (16) (heavily wounded, 75% to hit)
You shoot an arrow.
The arrow hits Edmund but does no damage.
Edmund clears his throat.
Edmund misses you.
Shoot: a) +1 shortbow {bow}
Press: ? - help, Q - select action Shift-Dir - straight line, f/p - Edmund
Aim: Edmund, wielding a +0 dire flail of holy wrath, wearing a +0 chain mail and carrying a wand of flame (16) (heavily wounded, 75% to hit)
You shoot an arrow. The arrow hits Edmund!
Edmund misses you.
Shoot: a) +1 shortbow {bow}
Press: ? - help, Q - select action Shift-Dir - straight line, f/p - Edmund
Aim: Edmund, wielding a +0 dire flail of holy wrath, wearing a +0 chain mail and carrying a wand of flame (16) (severely wounded, 75% to hit)
You shoot an arrow.
The arrow hits Edmund but does no damage.
Edmund misses you.
Edmund hits you with a +0 dire flail of holy wrath!
Shoot: a) +1 shortbow {bow}
Press: ? - help, Q - select action Shift-Dir - straight line, f/p - Edmund
Aim: Edmund, wielding a +0 dire flail of holy wrath, wearing a +0 chain mail and carrying a wand of flame (16) (severely wounded, 75% to hit)
You shoot an arrow.
The arrow hits Edmund but does no damage.
Edmund hits you with a +0 dire flail of holy wrath!
* * * LOW HITPOINT WARNING * * *
Shoot: a) +1 shortbow {bow}
Press: ? - help, Q - select action Shift-Dir - straight line, f/p - Edmund
Aim: Edmund, wielding a +0 dire flail of holy wrath, wearing a +0 chain mail and carrying a wand of flame (16) (severely wounded, 75% to hit)
You shoot an arrow. The arrow hits Edmund.
Edmund barely misses you.
HP[-25]
You take 25 damage, and now have 15/40 hp.
MASSIVE DAMAGE!! (PAUSE) Shoot: a) +1 shortbow {bow}
Press: ? - help, Q - select action Shift-Dir - straight line, f/p - Edmund
Aim: Edmund, wielding a +0 dire flail of holy wrath, wearing a +0 chain mail and carrying a wand of flame (16) (severely wounded, 75% to hit)
You shoot an arrow.
The arrow hits Edmund but does no damage.
Edmund hits you with a +0 dire flail of holy wrath!
* * * LOW HITPOINT WARNING * * *
Shoot: a) +1 shortbow {bow}
Press: ? - help, Q - select action Shift-Dir - straight line, f/p - Edmund
Aim: Edmund, wielding a +0 dire flail of holy wrath, wearing a +0 chain mail and carrying a wand of flame (16) (severely wounded, 75% to hit)
You shoot an arrow. The arrow hits Edmund.
Edmund hits you with a +0 dire flail of holy wrath.
You die...

Skill      XL: |  1  2  3  4  5  6 |
---------------+-------------------+-----
Bows           | 5 6 8 9 |  9.1
Fighting       | |  2.0
Dodging        | |  2.1
Stealth        | |  1.0

Action                   |  1- 3 |  4- 6 |  7- 9 || total
-------------------------+-------+-------+-------++-------
Melee: Unarmed           |       |     9 |       ||     9
 Fire: Shortbow          |    71 |   143 |    12 ||   226
Armor: Leather armour    |     4 |    17 |       ||    21
       Robe              |       |     4 |     1 ||     5
Dodge: Dodged            |    25 |    68 |     8 ||   101

Levels and vault maps discovered:
D:1:      roderic_octagonal_star, layout_rooms, minmay_pentomino_r4
D:2:      minmay_skewed_foursquare, layout_basic,
          shapermc_ecumenical_altar_pompeii, minmay_diced_spiral
D:3:      layout_rooms, lemuel_tele_altar, uniq_jessica, uniq_natasha,
          uniq_grinder
D:4:      layout_loops_ring, uniq_edmund

Notes
Turn   | Place    | Note
-------+----------+-------------------------------------------
     0 | D:1      | zeratav the Tengu Hunter began the quest for the Orb.
     0 | D:1      | Reached XP level 1. HP: 12/12 MP: 2/2
     0 | D:1      | magus.rc [v1.9.6]
   118 | D:1      | Reached skill level 5 in Bows
   118 | D:1      | Reached XP level 2. HP: 17/17 MP: 3/3
   179 | D:1      | You pick up a book of Hexes and begin reading...
   179 | D:1      | You add the spells Inner Flame, Cause Fear and Discord to
                  | your library.
   219 | D:1      | Reached XP level 3. HP: 21/21 MP: 4/4
   226 | D:1      | You pick up a book of Debilitation and begin reading...
   226 | D:1      | You add the spells Slow, Vampiric Draining and Confusing
                  | Touch to your library.
   370 | D:1      | You pick up a book of Spatial Translocations and begin
                  | reading...
   370 | D:1      | You add the spells Blink, Lesser Beckoning and Manifold
                  | Assault to your library.
   604 | D:2      | Found a faded altar of an unknown god.
   625 | D:2      | Identified the +2 cloak of Stoicism {Contam rN+ Will+
                  | Dex+3}
   667 | D:2      | Reached skill level 6 in Bows
   669 | D:2      | Reached XP level 4. HP: 19/26 MP: 5/5
  1165 | D:2      | Gained mutation: Your magical nature lets you fly swiftly
                  | and evasively. [Tengu growth]
  1165 | D:2      | Reached XP level 5. HP: 16/30 MP: 6/6
  1533 | D:2      | Reached skill level 7 in Bows
  1794 | D:3      | Noticed Natasha
  1966 | D:2      | Killed Natasha
  2190 | D:3      | You pick up a book of Displacement and begin reading...
  2190 | D:3      | You add the spells Gell's Gravitas and Teleport Other to
                  | your library.
  2219 | D:3      | Noticed Grinder
  2221 | D:3      | Noticed Jessica
  2222 | D:3      | Killed Jessica
  2229 | D:3      | Killed Grinder
  2230 | D:3      | Reached skill level 8 in Bows
  2230 | D:3      | Reached XP level 6. HP: 35/35 MP: 7/7
  2326 | D:3      | Found a stormy altar of Qazlal.
  2413 | D:3      | HP: 8/35 [poisoned by an orc]
  2835 | D:4      | You pick up a book of Dangerous Friends and begin
                  | reading...
  2835 | D:4      | You add the spells Summon Guardian Golem, Orb of
                  | Destruction and Spellforged Servitor to your library.
  2882 | D:4      | Noticed Edmund
  2890 | D:4      | Reached skill level 9 in Bows
  2890 | D:4      | Reached XP level 7. HP: 40/40 MP: 8/8
  2900 | D:4      | HP: 5/40 [Edmund/+0 dire flail of holy wrath (11)]
  2901 | D:4      | Slain by Edmund

Vanquished Creatures
  Grinder (D:3)
  A necrophage (D:4)
  Jessica (D:3)
  Natasha (D:2)
  5 gnolls
  5 adders
  2 worms
  2 dart slugs (D:2)
  An orc (D:3)
  5 endoplasms
  7 goblins
  9 hobgoblins
  2 quokkas
  9 ball pythons
  10 bats
  5 frilled lizards
  12 kobolds
  6 rats
84 creatures vanquished.

Table legend:
 A = Non-vault XP
 B = Vault XP
 C = Vault XP percentage of total XP
 D = Non-vault monster count
 E = Vault monster count
 F = Vault count percentage of total count
                 A         B        C        D         E       F
            +---------+---------+-------+---------+---------+-------
      Total |     307 |     374 |  54.9 |      66 |      18 |  21.4
            +---------+---------+-------+---------+---------+-------
        D:1 |      58 |       6 |   9.4 |      28 |       4 |  12.5
        D:2 |     107 |      64 |  37.4 |      24 |      12 |  33.3
        D:3 |      46 |     304 |  86.9 |      11 |       2 |  15.4
        D:4 |      96 |       0 |   0.0 |       3 |       0 |   0.0
            +---------+---------+-------+---------+---------+-------

Illustrated notes

Table legend:
 A = Kills in this place as a percentage of kills in entire the game.
 B = Kills by you in this place as a percentage of kills by you in the entire game.
 C = Kills by friends in this place as a percentage of kills by friends in the entire game.
 D = Other kills in this place as a percentage of other kills in the entire game.
 E = Experience gained in this place as a percentage of experience gained in the entire game.
 F = Experience gained in this place divided by the number of levels of this place that you have seen.
                   A       B       C       D       E      F
               +-------+-------+-------+-------+-------+----------------------
         Total | 100.0 | 100.0 |   N/A |   N/A | 100.0 | 170.2
       Dungeon | 100.0 | 100.0 |   N/A |   N/A | 100.0 | 170.2
               +-------+-------+-------+-------+-------+----------------------

Table legend: (Time is in decaauts)
 A = Elapsed time spent in this place.
 B = Non-inter-level travel time spent in this place.
 C = Inter-level travel time spent in this place.
 D = Time resting spent in this place.
 E = Time spent auto-exploring this place.
 F = Levels seen in this place.
 G = Mean time per level.
                   A        B        C        D        E       F      G
               +--------+--------+--------+--------+--------+-----+--------+
         Total |   2855 |   2730 |    125 |    533 |   1661 |   4 |  713.8 |
       Dungeon |   2855 |   2730 |    125 |    533 |   1661 |   4 |  713.8 |
               +--------+--------+--------+--------+--------+-----+--------+

Top non-repeatable levels by time:
     D:2: 1438 daAuts
     D:3: 723 daAuts
     D:1: 613 daAuts
     D:4: 79 daAuts
